TOP OF THE 1ST |
Chattanooga Chinpokomon batting - Pitching for Havana Rollers : RHP Fernando Castillo
|
Pitching: RHP Fernando Castillo
|
|
Batting: LHB Mario Cornelo
|
0-0: Called Strike 0-1: Foul Ball, location: 2F 0-2: Fly out, F7 (Flyball, 7S)
|
Batting: RHB Armando Cuevas
|
0-0: Called Strike 0-1: SOLO HOME RUN (Flyball, 7D), Distance : 368 ft
|
Batting: RHB Cristo García
|
0-0: Ball 1-0: Ground out 5-3 (Groundball, 56)
|
Batting: RHB Jesús Tisnado
|
0-0: Swinging Strike 0-1: Ball 1-1: Foul Ball, location: 2F 1-2: Strikes out swinging
|
Top of the 1st over - 1 run(s), 1 hit(s), 0 error(s), 0 left on base; Chattanooga 1 - Havana 0 |
BOTTOM OF THE 1ST |
Havana Rollers batting - Pitching for Chattanooga Chinpokomon : RHP Ricardo Quiñones
|
Pitching: RHP Ricardo Quiñones
|
|
Batting: LHB Rafael Delgado
|
0-0: Foul Ball, location: 2F 0-1: Ball 1-1: Ball 2-1: Swinging Strike 2-2: DOUBLE (Line Drive, 89D)
|
Batting: RHB Francisco Rincón
|
0-0: SINGLE (Groundball, 34S) (infield hit) Rafael Delgado to third
|
Batting: RHB Paul Bailey
|
0-0: Called Strike 0-1: Ball 1-1: Called Strike 1-2: SINGLE (Groundball, 56D) Rafael Delgado scores Francisco Rincón to second
|
Batting: SHB Pepe Piña
|
0-0: Fielders Choice at 2nd, 4-6 (Groundball, 34) Francisco Rincón to third
|
Batting: LHB Zhi-huan Loong
|
0-0: Fielders Choice at 2nd, 1-6 (Groundball, P)
|
Batting: SHB Yasuhiro Ikarashi
|
0-0: Ball 1-0: Called Strike 1-1: Ball 2-1: Fly out, F8 (Flyball, 8LS)
|
Bottom of the 1st over - 1 run(s), 3 hit(s), 0 error(s), 2 left on base; Chattanooga 1 - Havana 1 |
TOP OF THE 2ND |
Chattanooga Chinpokomon batting - Pitching for Havana Rollers : RHP Fernando Castillo
|
Batting: RHB Jim Beck
|
0-0: Swinging Strike 0-1: Called Strike 0-2: Strikes out swinging
|
Batting: RHB Felipe Rego
|
0-0: Ball 1-0: Foul Ball, location: 2F 1-1: Ball 2-1: Ball 3-1: Called Strike 3-2: Base on Balls
|
Batting: RHB Ryosei Yamamoto
|
0-0: Ball 1-0: Ball 2-0: Ball 3-0: Base on Balls Felipe Rego to second
|
Batting: RHB Kyung-bok Cho
|
0-0: Ball 1-0: Fly out, F6 (Popup, 5D)
|
Batting: RHB José Martínez
|
0-0: Called Strike 0-1: Called Strike 0-2: Strikes out swinging
|
Top of the 2nd over - 0 run(s), 0 hit(s), 0 error(s), 2 left on base; Chattanooga 1 - Havana 1 |
BOTTOM OF THE 2ND |
Havana Rollers batting - Pitching for Chattanooga Chinpokomon : RHP Ricardo Quiñones
|
Batting: RHB Soshu Nakamura
|
0-0: Ball 1-0: Ball 2-0: Ball 3-0: Base on Balls
|
Batting: RHB Chad Case
|
0-0: Fly out, F9 (Flyball, 9S)
|
Batting: RHB León Rivera
|
0-0: Called Strike 0-1: Ball 1-1: Fielders Choice at 2nd, 6-4 (Groundball, 6)
|
Batting: LHB Rafael Delgado
|
0-0: Ball 1-0: Called Strike 1-1: Fly out, F8 (Flyball, 8LM)
|
Bottom of the 2nd over - 0 run(s), 0 hit(s), 0 error(s), 1 left on base; Chattanooga 1 - Havana 1 |
TOP OF THE 3RD |
Chattanooga Chinpokomon batting - Pitching for Havana Rollers : RHP Fernando Castillo
|
Batting: LHB Mario Cornelo
|
0-0: Ball 1-0: Ball 2-0: Called Strike 2-1: Swinging Strike 2-2: Foul Ball, location: 2F 2-2: Foul Ball, location: 2F 2-2: Strikes out swinging
|
Batting: RHB Armando Cuevas
|
0-0: Ball 1-0: Ground out 6-3 (Groundball, 6)
|
Batting: RHB Cristo García
|
0-0: Called Strike 0-1: Foul Ball, location: 2F 0-2: SINGLE (Line Drive, 7S)
|
Batting: RHB Jesús Tisnado
|
0-0: Foul Ball, location: 2F 0-1: Swinging Strike 0-2: Strikes out swinging
|
Top of the 3rd over - 0 run(s), 1 hit(s), 0 error(s), 1 left on base; Chattanooga 1 - Havana 1 |
BOTTOM OF THE 3RD |
Havana Rollers batting - Pitching for Chattanooga Chinpokomon : RHP Ricardo Quiñones
|
Batting: RHB Francisco Rincón
|
0-0: Ball 1-0: Swinging Strike 1-1: Fly out, F4 (Popup, 4)
|
Batting: RHB Paul Bailey
|
0-0: Ball 1-0: Fly out, F8 (Flyball, 8RM)
|
Batting: SHB Pepe Piña
|
0-0: Ball 1-0: Fly out, F8 (Flyball, 8RXD)
|
Bottom of the 3rd over - 0 run(s), 0 hit(s), 0 error(s), 0 left on base; Chattanooga 1 - Havana 1 |
TOP OF THE 4TH |
Chattanooga Chinpokomon batting - Pitching for Havana Rollers : RHP Fernando Castillo
|
Batting: RHB Jim Beck
|
0-0: Called Strike 0-1: Ball 1-1: Ball 2-1: Ball 3-1: Foul Ball, location: 2F 3-2: Base on Balls
|
Batting: RHB Felipe Rego
|
0-0: Called Strike 0-1: Ball 1-1: Called Strike 1-2: Strikes out swinging
|
Batting: RHB Ryosei Yamamoto
|
0-0: Ground out 4-3 (Groundball, 34) Jim Beck to second
|
Batting: RHB Kyung-bok Cho
|
0-0: Called Strike 0-1: Ball 1-1: Ball 2-1: Ball 3-1: Ground out 5-3 (Groundball, 5S)
|
Top of the 4th over - 0 run(s), 0 hit(s), 0 error(s), 1 left on base; Chattanooga 1 - Havana 1 |
BOTTOM OF THE 4TH |
Havana Rollers batting - Pitching for Chattanooga Chinpokomon : RHP Ricardo Quiñones
|
Batting: LHB Zhi-huan Loong
|
0-0: Ball 1-0: Called Strike 1-1: Ground out 6-3 (Groundball, 6)
|
Batting: SHB Yasuhiro Ikarashi
|
0-0: Ball 1-0: Ball 2-0: Called Strike 2-1: Called Strike 2-2: SINGLE (Groundball, 34D)
|
Batting: RHB Soshu Nakamura
|
0-0: Ball 1-0: Called Strike 1-1: Ball 2-1: Foul Ball, location: 2F 2-2: Strikes out swinging
|
Batting: RHB Chad Case
|
0-0: Called Strike 0-1: Ball 1-1: Foul Ball, location: 2F 1-2: SINGLE (Line Drive, 7S) Yasuhiro Ikarashi to second
|
Batting: RHB León Rivera
|
0-0: SINGLE (Line Drive, 34D) Yasuhiro Ikarashi to third Chad Case to second Runner from 3rd tries for Home, SAFE, no throw
|
Batting: LHB Rafael Delgado
|
0-0: Ball 1-0: Ball 2-0: Called Strike 2-1: Ball 3-1: Called Strike 3-2: Base on Balls Chad Case to third León Rivera to second
|
Batting: RHB Francisco Rincón
|
0-0: Foul Ball, location: 2F 0-1: Ball 1-1: Ball 2-1: DOUBLE (Line Drive, 9) Chad Case scores León Rivera scores Rafael Delgado to third Runner from 3rd tries for Home, SAFE, no throw
|
Batting: RHB Paul Bailey
|
0-0: Ball 1-0: Called Strike 1-1: Ball 2-1: Foul Ball, location: 2F 2-2: Foul Ball, location: 2F 2-2: Ball 3-2: Foul Ball, location: 2F 3-2: Foul Ball, location: 2F 3-2: Base on Balls
|
Batting: SHB Pepe Piña
|
0-0: Called Strike 0-1: Ball 1-1: Ball 2-1: Fly out, F9 (Flyball, 9D)
|
Bottom of the 4th over - 4 run(s), 4 hit(s), 0 error(s), 2 left on base; Chattanooga 1 - Havana 5 |
TOP OF THE 5TH |
Chattanooga Chinpokomon batting - Pitching for Havana Rollers : RHP Fernando Castillo
|
Batting: RHB José Martínez
|
0-0: Ball 1-0: Ball 2-0: Foul Ball, location: 2F 2-1: Ball 3-1: Fly out, F9 (Flyball, 9S)
|
Batting: LHB Mario Cornelo
|
0-0: Ball 1-0: Ball 2-0: Ball 3-0: Called Strike 3-1: Base on Balls
|
Batting: RHB Armando Cuevas
|
0-0: Called Strike 0-1: Ball 1-1: Foul Ball, location: 2F 1-2: Ball 2-2: Grounds into double play, 4-6-3 (Groundball, 4)
|
Top of the 5th over - 0 run(s), 0 hit(s), 0 error(s), 0 left on base; Chattanooga 1 - Havana 5 |
BOTTOM OF THE 5TH |
Havana Rollers batting - Pitching for Chattanooga Chinpokomon : RHP Ricardo Quiñones
|
Pitching: LHP Jeff Hardin
|
|
Batting: LHB Zhi-huan Loong
|
0-0: Ball 1-0: Called Strike 1-1: Ball 2-1: Ball 3-1: Base on Balls
|
Batting: SHB Yasuhiro Ikarashi
|
0-0: Swinging Strike 0-1: Swinging Strike 0-2: Fly out, F7 (Flyball, 7S)
|
Batting: RHB Soshu Nakamura
|
0-0: Called Strike 0-1: Swinging Strike 0-2: Fly out, F7 (Flyball, 7D)
|
Batting: RHB Chad Case
|
0-0: Ball 1-0: Called Strike 1-1: Called Strike 1-2: Ball Zhi-huan Loong steals 2nd base 2-2: 2-RUN HOME RUN (Flyball, 7D), Distance : 388 ft
|
Batting: RHB León Rivera
|
0-0: Called Strike 0-1: Ball 1-1: Swinging Strike 1-2: Strikes out looking
|
Bottom of the 5th over - 2 run(s), 1 hit(s), 0 error(s), 0 left on base; Chattanooga 1 - Havana 7 |
TOP OF THE 6TH |
Chattanooga Chinpokomon batting - Pitching for Havana Rollers : RHP Fernando Castillo
|
Batting: RHB Cristo García
|
0-0: Called Strike 0-1: Ground out 6-3 (Groundball, 6)
|
Batting: RHB Jesús Tisnado
|
0-0: Called Strike 0-1: Ball 1-1: Foul Ball, location: 2F 1-2: Ball 2-2: Ball 3-2: Foul Ball, location: 2F 3-2: Fly out, F7 (Flyball, 78S)
|
Batting: RHB Jim Beck
|
0-0: Fly out, F8 (Flyball, 8RS)
|
Top of the 6th over - 0 run(s), 0 hit(s), 0 error(s), 0 left on base; Chattanooga 1 - Havana 7 |
BOTTOM OF THE 6TH |
Havana Rollers batting - Pitching for Chattanooga Chinpokomon : LHP Jeff Hardin
|
Batting: LHB Rafael Delgado
|
0-0: Ball 1-0: Called Strike 1-1: Ball 2-1: Ball 3-1: Swinging Strike 3-2: Foul Ball, location: 2F 3-2: SINGLE (Flyball, 5L)
|
Batting: RHB Francisco Rincón
|
0-0: Called Strike Rafael Delgado is caught stealing 2nd base 0-1: SINGLE (Line Drive, 8RS)
|
Batting: RHB Paul Bailey
|
0-0: Foul Ball, location: 2F 0-1: Ball 1-1: Foul Ball, location: 2F 1-2: Ball 2-2: Strikes out swinging
|
Batting: SHB Pepe Piña
|
0-0: Ball 1-0: Fielders Choice at 2nd, 6-4 (Groundball, 6)
|
Bottom of the 6th over - 0 run(s), 2 hit(s), 0 error(s), 0 left on base; Chattanooga 1 - Havana 7 |
TOP OF THE 7TH |
Chattanooga Chinpokomon batting - Pitching for Havana Rollers : RHP Fernando Castillo
|
Batting: RHB Felipe Rego
|
0-0: Ball 1-0: Ball 2-0: Fly out, F9 (Flyball, 9LMF)
|
Batting: RHB Ryosei Yamamoto
|
0-0: Ball 1-0: Ball 2-0: Called Strike 2-1: Called Strike 2-2: Strikes out swinging
|
Batting: RHB Kyung-bok Cho
|
0-0: Ball 1-0: Foul Ball, location: 2F 1-1: Ball 2-1: Ground out 1-3 (Groundball, P)
|
Top of the 7th over - 0 run(s), 0 hit(s), 0 error(s), 0 left on base; Chattanooga 1 - Havana 7 |
BOTTOM OF THE 7TH |
Havana Rollers batting - Pitching for Chattanooga Chinpokomon : LHP Jeff Hardin
|
Batting: LHB Zhi-huan Loong
|
0-0: Ball 1-0: Called Strike 1-1: Ball 2-1: Foul Ball, location: 2F 2-2: Foul Ball, location: 2F 2-2: Foul Ball, location: 2F 2-2: Ground out 4-3 (Groundball, 4)
|
Batting: SHB Yasuhiro Ikarashi
|
0-0: Foul Ball, location: 2F 0-1: Ball 1-1: Ball 2-1: Ball 3-1: Base on Balls
|
Batting: RHB Soshu Nakamura
|
0-0: Ball 1-0: Foul Ball, location: 2F 1-1: Fielders Choice at 2nd, 5-4 (Groundball, 56)
|
Batting: RHB Chad Case
|
0-0: Called Strike 0-1: Fly out, F9 (Line Drive, 9)
|
Bottom of the 7th over - 0 run(s), 0 hit(s), 0 error(s), 1 left on base; Chattanooga 1 - Havana 7 |
TOP OF THE 8TH |
Chattanooga Chinpokomon batting - Pitching for Havana Rollers : RHP Fernando Castillo
|
Pitching: RHP Valentín Luna
|
|
Batting: RHB José Martínez
|
0-0: TRIPLE (Flyball, 89XD)
|
Batting: LHB Mario Cornelo
|
0-0: Ball 1-0: Ball 2-0: DOUBLE (Flyball, 7LD) José Martínez scores
|
Batting: RHB Armando Cuevas
|
0-0: Called Strike 0-1: Ball 1-1: Foul Ball, location: 2F 1-2: Strikes out looking
|
Batting: RHB Cristo García
|
0-0: Ball 1-0: Foul Ball, location: 2F 1-1: Swinging Strike 1-2: Ball 2-2: Strikes out swinging
|
Batting: RHB Jesús Tisnado
|
0-0: Ball 1-0: Ball 2-0: Called Strike 2-1: Ball 3-1: Ground out 4-3 (Groundball, 4)
|
Top of the 8th over - 1 run(s), 2 hit(s), 0 error(s), 1 left on base; Chattanooga 2 - Havana 7 |
BOTTOM OF THE 8TH |
Havana Rollers batting - Pitching for Chattanooga Chinpokomon : LHP Jeff Hardin
|
Pitching: RHP Carlos Mendoza
|
|
Batting: RHB León Rivera
|
0-0: Swinging Strike 0-1: Swinging Strike 0-2: Ball 1-2: Foul Ball, location: 2F 1-2: Fly out, F9 (Line Drive, 9D)
|
Batting: LHB Rafael Delgado
|
0-0: Called Strike 0-1: Ball 1-1: Fly out, F7 (Flyball, 7)
|
Batting: RHB Francisco Rincón
|
0-0: Foul Ball, location: 2F 0-1: Ball 1-1: Ball 2-1: Called Strike 2-2: Ball 3-2: Base on Balls
|
Batting: RHB Paul Bailey
|
0-0: Ball 1-0: Ball 2-0: Foul Ball, location: 2F 2-1: Foul Ball, location: 2F 2-2: Ball 3-2: DOUBLE (Line Drive, 78XD) Francisco Rincón to third Francisco Rincón scores
|
Batting: SHB Pepe Piña
|
0-0: Ball 1-0: Fly out, F9 (Line Drive, 9D)
|
Bottom of the 8th over - 1 run(s), 1 hit(s), 0 error(s), 1 left on base; Chattanooga 2 - Havana 8 |
TOP OF THE 9TH |
Chattanooga Chinpokomon batting - Pitching for Havana Rollers : RHP Valentín Luna
|
Batting: RHB Jim Beck
|
0-0: Called Strike 0-1: Ball 1-1: Foul Ball, location: 2F 1-2: DOUBLE (Line Drive, 9D)
|
Batting: RHB Felipe Rego
|
0-0: Called Strike 0-1: Ground out 5-3 (Groundball, 56S) Jim Beck to third
|
Batting: RHB Ryosei Yamamoto
|
0-0: Ball 1-0: Ground out 6-3 (Groundball, 6) Jim Beck scores
|
Pitching: RHP Brad Sharpe
|
|
Batting: RHB Kyung-bok Cho
|
0-0: Ball 1-0: Foul Ball, location: 2F 1-1: SINGLE (Line Drive, 5D)
|
Batting: RHB José Martínez
|
0-0: Ball 1-0: Swinging Strike 1-1: Ground out 4-3 (Groundball, 34D)
|
Top of the 9th over - 1 run(s), 2 hit(s), 0 error(s), 1 left on base; Chattanooga 3 - Havana 8 |
|